 Dungeon Crawl Stone Soup version 0.30-a0-576-g89cddaab80 (webtiles) character file.

Game seed: 13437715905592283006

711 cforsyth the Ruffian (level 7, -7/63 HPs)
             Began as a Ghoul Monk on Dec 31, 2022.
             Mangled by a two-headed ogre
             ... wielding a +0 giant spiked club
              (25 damage)
             ... on level 5 of the Dungeon.
             The game lasted 00:08:23 (4818 turns).

cforsyth the Ruffian (Ghoul Monk)                   Turns: 4818, Time: 00:08:23

Health: -7/63      AC: 12    Str: 15    XL:     7   Next: 68%
Magic:  6/6        EV:  4    Int:  7    God:
Gold:   255        SH:  0    Dex: 11    Spells: 6/6 levels left

rFire   . . .      SeeInvis .      - Unarmed
rCold   + . .      Faith    .    (no shield)
rNeg    + + +      Spirit   .    r - +0 plate armour
rPois   ∞          Reflect  .    e - +1 helmet
rElec   .          Harm     .    (no cloak)
rCorr   .          Rampage  .    (no gloves)
Will    .....                    (no boots) Stlth
                                 (no amulet)
HPRegen 0.00/turn                (no ring)
MPRegen 0.10/turn                (no ring)

@: inhibited regen
A: claws 1, cold resistance 1, negative energy resistance 3, inhibited
regeneration, torment resistance 2, devour on kill
a: no special abilities


You were on level 5 of the Dungeon.
You visited 1 branch of the dungeon, and saw 5 of its levels.

You collected 255 gold pieces.

Inventory:

Armour
 a - a +0 robe
 e - a +1 helmet (worn)
 p - a +0 leather armour
 r - a +0 plate armour (worn)
Wands
 b - a wand of flame (34)
Scrolls
 i - 2 scrolls of poison
 j - a scroll of enchant weapon {unknown}
 m - a scroll of blinking
 n - 3 scrolls of immolation {unknown}
 o - a scroll of vulnerability {unknown}
 q - a scroll of enchant armour
 s - a scroll of acquirement {unknown}
 t - a scroll of magic mapping {unknown}
 v - a scroll of teleportation {unknown}
 w - a scroll of brand weapon {unknown}
Potions
 c - a potion of haste
 f - a potion of magic
 g - 2 potions of curing
 h - 2 potions of heal wounds {unknown}
 k - a potion of cancellation {unknown}
 l - 2 potions of might {unknown}
 u - 2 potions of attraction


   Skills:
 + Level 6.0 Fighting
 - Level 4.1 Dodging
 - Level 4.6 Stealth
 + Level 6.1 Unarmed Combat


You had 6 spell levels left.
You didn't know any spells.
Your spell library was empty.

Dungeon Overview and Level Annotations

Branches:
Dungeon (5/15)             Temple (0/1) D:4

Altars:
Gozag
Kikubaaqudgha

Annotations:
D:4 3 runed translucent doors, Shayle's ghost, amateur TeRe; bmack86's ghost, novice MiFi


Innate Abilities, Weirdness & Mutations

You are immune to poison.
You have sharp fingernails.
Your flesh is cold resistant. (rC+)
You are immune to negative energy. (rN+++)
You do not regenerate when monsters are visible.
You are immune to unholy pain and torment.
You thrive by killing the living.


Message History

The bolt of dispelling energy hits the two-headed ogre!
The two-headed ogre is moderately wounded.
Unknown command.
Aiming: Quicksilver Bolt
Press: ? - help, Shift-Dir - straight line, f/p - two-headed ogre
Aim: a two-headed ogre, wielding a +0 giant spiked club and a +0 giant club (moderately wounded, 86% to hit)
The bolt of dispelling energy hits the two-headed ogre!
The two-headed ogre is heavily wounded.
Aiming: Quicksilver Bolt
Press: ? - help, Shift-Dir - straight line, f/p - two-headed ogre
Aim: a two-headed ogre, wielding a +0 giant spiked club and a +0 giant club (heavily wounded, 86% to hit)
The bolt of dispelling energy hits the two-headed ogre!
The two-headed ogre is severely wounded.
The now-empty wand crumbles to dust.
Unknown command.
You scratch the two-headed ogre. You claw the two-headed ogre!
The two-headed ogre is almost dead.
The two-headed ogre hits you with a +0 giant spiked club!
The two-headed ogre hits you with a +0 giant club!
You scratch the two-headed ogre but do no damage.
You claw the two-headed ogre, but do no damage.
The two-headed ogre is almost dead.
You scratch the two-headed ogre.
The two-headed ogre is almost dead.
The two-headed ogre hits you with a +0 giant spiked club!!
The two-headed ogre hits you with a +0 giant club!
* * * LOW HITPOINT WARNING * * *
Unknown command.
Aiming: Throw Flame
Press: ? - help, Shift-Dir - straight line, f/p - two-headed ogre
Aim: a two-headed ogre, wielding a +0 giant spiked club and a +0 giant club (almost dead, 85% to hit)
The puff of flame hits the two-headed ogre.
The two-headed ogre is almost dead.
Aiming: Throw Flame
Press: ? - help, Shift-Dir - straight line, f/p - two-headed ogre
Aim: a two-headed ogre, wielding a +0 giant spiked club and a +0 giant club (almost dead, 85% to hit)
The puff of flame hits the two-headed ogre.
The two-headed ogre is almost dead.
The two-headed ogre hits you with a +0 giant spiked club!!
You die...

......##.##..########
#####.##.†..........#
...................#
##........)........#
....######†#########
##. #....<..# ..
#.###†..# # #.....#
#@#...# ......O.##..#
............#
.......###.## ###+#..
.. ### .#


You could see a two-headed ogre.

Vanquished Creatures
  Grinder (D:3)
  2 scorpions (D:5)
  A hound (D:4)
  An orc priest (D:3)
  Jessica (D:3)
  Natasha (twice) (D:3)
  2 iguanas
  An orc wizard (D:4)
  Robin (D:3)
  5 adders
  2 ufetubi
  3 worms
  A dart slug (D:4)
  14 orcs
  11 ball pythons
  7 bats
  6 endoplasms
  3 giant cockroaches
  13 hobgoblins
  2 jackals (D:5)
  4 kobolds (D:1)
  4 quokkas
  3 frilled lizards
  11 goblins
  8 rats
109 creatures vanquished.

Notes
Turn   | Place    | Note
-------+----------+-------------------------------------------
     0 | D:1      | cforsyth the Ghoul Monk began the quest for the Orb.
     0 | D:1      | Reached XP level 1. HP: 19/19 MP: 0/0
   287 | D:1      | Reached XP level 2. HP: 25/26 MP: 1/1
   587 | D:1      | Reached XP level 3. HP: 30/31 MP: 2/2
  1170 | D:2      | Reached XP level 4. HP: 40/40 MP: 3/3
  1925 | D:3      | Reached XP level 5. HP: 35/46 MP: 4/4
  2062 | D:3      | Noticed Grinder
  2070 | D:3      | Noticed Jessica
  2157 | D:3      | Paralysed by Grinder for 2 turns
  2376 | D:3      | Paralysed by Grinder for 2 turns
  2391 | D:3      | Paralysed by Grinder for 2 turns
  2396 | D:3      | Killed Grinder
  2397 | D:3      | Reached XP level 6. HP: 10/53 MP: 5/5
  2783 | D:3      | Found an ancient bone altar of Kikubaaqudgha.
  2795 | D:3      | Killed Jessica
  2828 | D:3      | Noticed Robin
  3053 | D:3      | Killed Robin
  3071 | D:3      | Reached skill level 5 in Unarmed Combat
  3149 | D:3      | Noticed Natasha
  3157 | D:3      | Killed Natasha
  3459 | D:3      | Noticed Natasha
  3464 | D:3      | Killed Natasha
  3465 | D:3      | Reached skill level 5 in Fighting
  3465 | D:3      | Reached XP level 7. HP: 61/61 MP: 6/6
  3920 | D:4      | Found a runed translucent gate.
  3921 | D:4      | Found a runed translucent gate.
  3921 | D:4      | Found a runed translucent gate.
  3922 | D:4      | Noticed Shayle's ghost (amateur TeRe)
  3922 | D:4      | Noticed bmack86's ghost (novice MiFi)
  4060 | D:4      | Found an opulent altar of Gozag.
  4147 | D:4      | Found a staircase to the Ecumenical Temple.
  4328 | D:5      | Entered Level 5 of the Dungeon
  4809 | D:5      | Noticed a two-headed ogre
  4818 | D:5      | Mangled by a two-headed ogre

Illustrated notes

Levels and vault maps discovered:
D:1:      dpeg_arrival_solitude, layout_loops_ring
D:2:      layout_basic
D:3:      minmay_spotlight, layout_basic, mainiacjoe_overflow_small_starburst,
          serial_park_tiny_1, uniq_robin, uniq_natasha, uniq_jessica,
          uniq_grinder
D:4:      layout_rooms, grunt_gozag_statues,
          minmay_temple_entry_enclosed_plants, gammafunk_ghost_cemetery
D:5:      layout_basic, minivault_26, uniq_pikel

Skill      XL: |  1  2  3  4  5  6  7 |
---------------+----------------------+-----
Dodging        | 3 4 |  4.1
Stealth        | 3 4 |  4.6
Fighting       | 4 5 6 |  6.0
Unarmed Combat | 4 5 6 |  6.1

Action                   |  1- 3 |  4- 6 |  7- 9 || total
-------------------------+-------+-------+-------++-------
Melee: Unarmed           |   131 |   160 |    86 ||   377
       Punch             |     4 |     7 |     5 ||    16
Evoke: Wand              |       |       |     5 ||     5
  Use: Potion            |       |     4 |       ||     4
       Scroll            |       |     2 |     4 ||     6
 Stab: Sleeping          |     2 |     1 |       ||     3
       Distracted        |     1 |       |       ||     1
Armor: Robe              |    16 |       |       ||    16
       Leather armour    |       |    38 |       ||    38
       Plate armour      |       |       |    83 ||    83
Dodge: Dodged            |    78 |   112 |    30 ||   220

Table legend: (Time is in decaauts)
 A = Elapsed time spent in this place.
 B = Non-inter-level travel time spent in this place.
 C = Inter-level travel time spent in this place.
 D = Time resting spent in this place.
 E = Time spent auto-exploring this place.
 F = Levels seen in this place.
 G = Mean time per level.
                   A        B        C        D        E       F      G
               +--------+--------+--------+--------+--------+-----+--------+
         Total |   4777 |   4632 |    145 |   1023 |   2729 |   5 |  955.4 |
       Dungeon |   4777 |   4632 |    145 |   1023 |   2729 |   5 |  955.4 |
               +--------+--------+--------+--------+--------+-----+--------+

Top non-repeatable levels by time:
     D:3: 1982 daAuts
     D:2: 1011 daAuts
     D:4: 874 daAuts
     D:1: 717 daAuts
     D:5: 191 daAuts
